 Dungeon Crawl Stone Soup version 0.17.1-3-g152610e (webtiles) character file.

24744 Nekros the Thaumaturge (level 12, 0/59 HPs)
             Began as a Deep Elf Wizard on Apr 26, 2016.
             Was the Champion of Sif Muna.
             Succumbed to a spiny frog's poison
             ... on level 6 of the Lair of Beasts on Apr 27, 2016.
             The game lasted 06:55:38 (29380 turns).

Nekros the Thaumaturge (Deep Elf Wizard)           Turns: 29380, Time: 06:55:38

Health: 0/59       AC: 13    Str:  7      XL:     12   Next: 83%
Magic:  1/41       EV: 15    Int: 30 (33) God:    Sif Muna [******]
Gold:   797        SH:  0    Dex: 13      Spells: 10 memorised, 9 levels left

rFire  + . .     SeeInvis +     k - +2 rapier of Vuorem {freeze, rElec Str+3}
rCold  + . .     Clarity  +     m - +4 robe of Night {+Inv MR+ SInv Stlth+}
rNeg   . . .     SustAt   .     (no shield)
rPois  +         Gourm    .     b - +2 hat
rElec  +         Spirit   .     (no cloak)
rCorr  +         Warding  .     N - +1 pair of gloves
rMut   .         Stasis   .     H - +2 pair of boots
MR     ++...                    Z - amulet of clarity
Stlth  +++++.....               X - ring of magical power
                                W - +4 ring of intelligence

@: lethally poisoned (0 -> -11), resistant, very resistant to hostile
enchantments, quite stealthy
A: deterioration 1, mutation resistance 1, wild magic 1
a: Channel Energy, Forget Spell, Renounce Religion, Evoke Invisibility


You were on level 6 of the Lair of Beasts.
You worshipped Sif Muna.
Sif Muna was exalted by your worship.
You were not hungry.

You visited 3 branches of the dungeon, and saw 18 of its levels.
You visited the Abyss 1 time.

You collected 1133 gold pieces.
You spent 336 gold pieces at shops.

Inventory:

Hand Weapons
 k - the +2 rapier of Vuorem (weapon) {freeze, rElec Str+3}
   (You found it on level 1 of the Lair of Beasts)

   It has been specially enchanted to freeze those struck by it, causing extra
   injury to most foes and up to half again as much damage against particularly
   susceptible opponents.
   It can also slow down cold-blooded creatures.
   It affects your strength (+3).
   It insulates you from electricity.
 p - a +5 dagger of draining
 E - a +1 flail of protection
Missiles
 B - 3 javelins of penetration (quivered)
Armour
 b - a +2 hat (worn)
 m - the +4 robe of Night (worn) {+Inv MR+ SInv Stlth+}
   (You found it on level 4 of the Dungeon)

   It affects your resistance to hostile enchantments.
   It lets you see invisible.
   It lets you turn invisible.
   It makes you more stealthy.
 H - a +2 pair of boots (worn)
 N - a +1 pair of gloves (worn)
Jewellery
 n - a +3 ring of evasion
 W - a +4 ring of intelligence (left hand)
 X - a ring of magical power (right hand)
 Z - an amulet of clarity (around neck)
Wands
 w - a wand of random effects (13)
 z - a wand of lightning (10)
 C - a wand of disintegration (12)
 I - a wand of heal wounds (7)
 R - a wand of fireball (6)
Scrolls
 f - 6 scrolls of magic mapping
 l - 6 scrolls of teleportation
 t - 2 scrolls of identify
 x - 2 scrolls of enchant armour
 y - 3 scrolls of fog
 G - 4 scrolls of remove curse
Potions
 d - 2 potions of magic
 h - a potion of flight
 i - 4 potions of ambrosia
 q - a potion of mutation
 A - a potion of berserk rage
 F - 5 potions of lignification
 K - 2 potions of brilliance
 P - 2 potions of might
 Y - 2 potions of invisibility {unknown}
Books
 a - a Grand Grimoire

   Spells                             Type                      Level
   a - Monstrous Menagerie            Summoning                    6
   b - Summon Greater Demon           Summoning                    7
   c - Malign Gateway                 Summoning/Translocation      7
   d - Summon Horrible Things         Summoning                    8
 c - a book of Minor Magic

   Spells                             Type                      Level
   a - Magic Dart                     Conjuration                  1
   b - Blink                          Translocation                2
   c - Call Imp                       Summoning                    2
   d - Repel Missiles                 Charms/Air                   2
   e - Slow                           Hexes                        2
   f - Conjure Flame                  Conjuration/Fire             3
   g - Mephitic Cloud                 Conjuration/Poison/Air       3
 g - a book of Air

   Spells                             Type                      Level
   a - Shock                          Conjuration/Air              1
   b - Swiftness                      Charms/Air                   2
   c - Repel Missiles                 Charms/Air                   2
   d - Static Discharge               Conjuration/Air              3
   e - Lightning Bolt                 Conjuration/Air              5
 o - Sif Muna's Catalogue of Excruciating Glamour
   (Sif Muna gifted it to you on level 2 of the Lair of Beasts)

   Spells                             Type                      Level
   a - Shock                          Conjuration/Air              1
   b - Sting                          Conjuration/Poison           1
   c - Dazzling Spray                 Conjuration/Hexes            3
   d - Summon Guardian Golem          Hexes/Summoning              3
   e - Darkness                       Hexes                        6
   f - Invisibility                   Hexes                        6
 s - a book of Conjurations

   Spells                             Type                      Level
   a - Magic Dart                     Conjuration                  1
   b - Searing Ray                    Conjuration                  2
   c - Dazzling Spray                 Conjuration/Hexes            3
   d - Fulminant Prism                Conjuration/Hexes            4
   e - Iskenderun's Mystic Blast      Conjuration                  4
   f - Iskenderun's Battlesphere      Conjuration/Charms           5
 u - a book of Clouds

   Spells                             Type                      Level
   a - Mephitic Cloud                 Conjuration/Poison/Air       3
   b - Conjure Flame                  Conjuration/Fire             3
   c - Poisonous Cloud                Conjuration/Poison/Air       6
   d - Freezing Cloud                 Conjuration/Ice/Air          6
   e - Ring of Flames                 Charms/Fire                  7
 v - a book of the Dragon

   Spells                             Type                      Level
   a - Flame Tongue                   Conjuration/Fire             1
   b - Cause Fear                     Hexes                        4
   c - Bolt of Fire                   Conjuration/Fire             6
   d - Dragon Form                    Transmutation                7
   e - Dragon's Call                  Summoning                    9
 J - a book of Dreams

   Spells                             Type                      Level
   a - Ensorcelled Hibernation        Hexes/Ice                    2
   b - Phase Shift                    Translocation                5
   c - Shadow Creatures               Summoning                    5
   d - Silence                        Hexes/Air                    5
   e - Darkness                       Hexes                        6
   f - Mass Confusion                 Hexes                        6
 L - a book of Death

   Spells                             Type                      Level
   a - Corpse Rot                     Necromancy                   2
   b - Sublimation of Blood           Necromancy                   2
   c - Agony                          Necromancy                   5
   d - Dispel Undead                  Necromancy                   5
   e - Excruciating Wounds            Charms/Necromancy            5
   f - Bolt of Draining               Conjuration/Necromancy       5
 O - Sif Muna's Handbook of Companions
   (Sif Muna gifted it to you on level 4 of the Lair of Beasts)

   Spells                             Type                      Level
   a - Summon Butterflies             Summoning                    1
   b - Call Canine Familiar           Summoning                    3
   c - Summon Mana Viper              Hexes/Summoning              5
   d - Summon Forest                  Summoning/Translocation      5
   e - Shadow Creatures               Summoning                    5
 V - a book of Maledictions

   Spells                             Type                      Level
   a - Corona                         Hexes                        1
   b - Ensorcelled Hibernation        Hexes/Ice                    2
   c - Confuse                        Hexes                        3
   d - Tukima's Dance                 Hexes                        3
   e - Dazzling Spray                 Conjuration/Hexes            3
Miscellaneous
 e - a plain deck of wonders
 r - a sack of spiders
 S - a phantom mirror
Comestibles
 D - a beef jerky
 M - a meat ration
 Q - a slice of pizza


   Skills:
 - Level 2.0 Throwing
 - Level 7.0 Dodging
 - Level 9.1 Stealth
 - Level 14.0 Spellcasting
 * Level 9.9 Conjurations
 - Level 8.1 Hexes
 - Level 13.5 Summonings
 - Level 1.1 Translocations
 * Level 2.5 Fire Magic


You had 9 spell levels left.
You knew the following spells:

 Your Spells              Type           Power        Failure   Level  Hunger
a - Magic Dart            Conj           ####         1%          1    None
b - Blink                 Tloc           N/A          5%          2    None
c - Call Imp              Summ           ########     1%          2    None
d - Mephitic Cloud        Conj/Pois/Air  ######..     5%          3    None
e - Conjure Flame         Conj/Fire      ######..     3%          3    None
f - Monstrous Menagerie   Summ           ########..   4%          6    ####...
g - Fulminant Prism       Conj/Hex       #######...   3%          4    None
h - Sting                 Conj/Pois      ####         2%          1    None
i - Swiftness             Chrm/Air       ####....     9%          2    None
j - Bolt of Fire          Conj/Fire      ######....   45%         6    ####...


Dungeon Overview and Level Annotations

Branches:
Dungeon (11/15)            Temple (1/1) D:6            Lair (6/8) D:11
 Shoals (0/4) Lair:3       Spider (0/4) Lair:4
  Slime: Lair:6-8       Orc: D:9-12

Altars:
Ashenzari
Cheibriados
Dithmenos
Elyvilon
Fedhas
Gozag
Kikubaaqudgha
Makhleb
Nemelex Xobeh
Okawaru
Qazlal
Ru
Sif Muna
Trog
Vehumet
Xom
Yredelemnul
Zin
The Shining One

Shops:
D:4 %   D:6 *

Annotations:
D:5 chimenez's ghost, novice FoFi
D:7 exclusion: jelly
D:9 exclusion: steam dragon


Innate Abilities, Weirdness & Mutations

Your body sometimes deteriorates upon taking damage.
You are somewhat resistant to further mutation.
Your spells are a little harder to cast, but a little more powerful.


Message History

The spiny frog poisons you!
Casting: Bolt of Fire
Confirm with . or Enter, or press ? or * to list all spells.
You miscast Blink.
Sif Muna protects you from the effects of your miscast!
You feel sick. The wolf bites you!
* * * LOW HITPOINT WARNING * * *
The spiny frog stings you.
* * * LOW HITPOINT WARNING * * *
Drink which item? (? for menu, Esc to quit)
You feel protected.
* * * LOW HITPOINT WARNING * * *
You feel sick. The wolf barely misses you. The wolf bites you.
* * * LOW HITPOINT WARNING * * *
The spiny frog closely misses you. The spiny frog stings you.
* * * LOW HITPOINT WARNING * * *
Casting: Blink
Confirm with . or Enter, or press ? or * to list all spells.
You blink.
You die...

##.##.....#.......#....#P....
#........#.......##...P.....
###..##...##..................
#.P..P##..#...................
#PPP...../....................
##PP..........................
##...........................
#..............F.FP###.......
#..##.#####.@...ยง.## ##.#....
##..##########...h.#####......
#.#..##.#.# #......#..........
#.....#...# ##.....#..........
#P...###..###.....###...P.....
##...###...###....##..........
#.#...#...####.....##.........
##..####..###......##.##......
#..# #...###......#.#.#.....


You could see 2 spiny frogs and a wolf.

Vanquished Creatures
  A hornet (D:7)
  A black mamba (Lair:6)
  3 komodo dragons
  3 spiny frogs
  A blink frog (Lair:3)
  A spriggan (Lair:1)
  A hippogriff (Lair:5)
  A yak (D:9)
  A basilisk (Lair:5)
  3 water moccasins
  3 porcupines
  Duvessa (D:4)
  A sky beast (D:11)
  A black bear (Lair:3)
  A centaur (D:7)
  4 ice beasts (Lair:6)
  3 ogres
  8 crocodiles
  7 giant frogs
  A scorpion (D:7)
  A jelly (D:7)
  4 killer bees
  A quasit (D:11)
  2 crimson imps (D:9)
  5 wights
  2 orc wizards
  A giant frog zombie (D:10)
  A centaur skeleton (D:5)
  3 hounds
  2 orc priests (D:9)
  4 hell rats (Lair:3)
  5 iguanas
  5 worker ants
  3 sheep (Lair:6)
  2 hound skeletons
  2 worker ant zombies
  13 adders
  10 river rats
  2 shadow imps
  An ooze (D:2)
  3 adder skeletons
  13 giant geckos
  25 orcs
  9 bats
  5 giant cockroaches
  7 hobgoblins
  8 jackals
  11 kobolds
  5 quokkas
  A ball python (D:3)
  A giant gecko skeleton (D:5)
  A giant newt (D:6)
  9 goblins
  A jackal skeleton (D:5)
  3 rats
  3 fungi
  A plant (Lair:3)
221 creatures vanquished.

Vanquished Creatures (collateral kills)
  Rupert (Lair:5)
  Snorg (Lair:4)
  4 hydras
  An anaconda (Lair:6)
  4 death yaks
  Urug (D:11)
  Sonja (D:11)
  2 hill giants (D:11)
  A griffon (Lair:6)
  2 ugly things (D:11)
  An oklob plant (Lair:6)
  6 elephants (Lair:4)
  Maurice (D:10)
  4 black mambas
  The ghost of chimenez the Chopper, a novice FoFi of Cheibriados (D:8)
  The ghost of Blunderbuss the Thaumaturge, a novice SpEn (D:8)
  7 spiny frogs
  A fire drake (Lair:2)
  6 komodo dragons
  A two-headed ogre (D:9)
  A troll (D:11)
  A trapdoor spider zombie (D:9)
  3 blink frogs (Lair:3)
  A wraith (D:10)
  3 trapdoor spiders (Lair:4)
  11 yaks
  A wyvern (D:8)
  A shadow (D:11)
  A steam dragon (D:9)
  4 hippogriffs
  2 hungry ghosts
  3 basilisks
  4 wolves (Lair:6)
  9 water moccasins
  8 porcupines
  The ghost of Nekros the Magician, an amateur DEWz of Sif Muna (D:4)
  9 ice beasts
  3 orc warriors
  A black bear (D:7)
  3 necrophages
  A phantom (D:8)
  3 crocodiles
  A sky beast (D:10)
  3 ogres
  3 centaurs
  3 big kobolds
  2 scorpions
  A wyvern skeleton (D:6)
  9 giant frogs
  Dowan (D:4)
  9 wights
  20 killer bees
  A troll skeleton (D:9)
  2 electric eels
  3 spriggan skeletons (D:9)
  4 crimson imps
  A giant frog skeleton (D:7)
  2 hounds
  A jelly (D:11)
  A centaur skeleton (D:5)
  3 orc priests
  8 iguanas
  8 orc wizards
  2 sheep (Lair:6)
  18 river rats
  5 adders
  4 worms (D:2)
  A giant gecko (D:2)
  18 orcs
  A goblin (D:2)
  A hobgoblin (D:2)
  9 jackals
  9 kobolds
  A rat (D:2)
  6 fungi
  3 plants
285 creatures vanquished.

Vanquished Creatures (others)
  61 fulminant prisms
  3 fungi
  A plant (Lair:6)
65 creatures vanquished.

Grand Total: 571 creatures vanquished

Notes
Turn   | Place    | Note
--------------------------------------------------------------
     0 | D:1      | Nekros the Deep Elf Wizard began the quest for the Orb.
     0 | D:1      | Reached XP level 1. HP: 10/10 MP: 7/7
   446 | D:1      | Reached skill level 5 in Spellcasting
   477 | D:1      | Reached XP level 2. HP: 12/15 MP: 7/10
   481 | D:1      | Learned a level 2 spell: Blink
   484 | D:1      | Learned a level 2 spell: Call Imp
  1712 | D:2      | Reached XP level 3. HP: 19/19 MP: 12/12
  1719 | D:2      | Reached skill level 1 in Throwing
  2102 | D:2      | Found a bloodstained altar of Trog.
  2496 | D:2      | Reached skill level 6 in Spellcasting
  2496 | D:2      | Reached XP level 4. HP: 24/24 MP: 7/14
  2669 | D:2      | Learned a level 3 spell: Mephitic Cloud
  2673 | D:2      | Learned a level 3 spell: Conjure Flame
  3137 | D:3      | Found a faded altar to an unknown god.
  3300 | D:3      | Gained mutation: You are somewhat resistant to further mutation. [potion of beneficial mutation]
  3959 | D:4      | Found Ceufieba's Food Shop.
  3979 | D:4      | Found a sparkling altar of Nemelex Xobeh.
  3979 | D:4      | Noticed Dowan
  4049 | D:4      | Noticed Nekros's ghost (amateur DEWz)
  4064 | D:4      | Killed Nekros's ghost
  4064 | D:4      | Reached XP level 5. HP: 28/28 MP: 2/15
  4232 | D:4      | Noticed Duvessa
  4249 | D:4      | Killed Dowan
  5342 | D:4      | Killed Duvessa
  5342 | D:4      | Reached XP level 6. HP: 32/32 MP: 0/17
  6561 | D:5      | Entered Level 5 of the Dungeon
  6617 | D:5      | Noticed chimenez's ghost (novice FoFi)
  6847 | D:5      | Reached XP level 7. HP: 27/36 MP: 10/18
  7413 | D:5      | Reached skill level 5 in Summonings
  7886 | D:6      | Found a staircase to the Ecumenical Temple.
  7892 | Temple   | Entered the Ecumenical Temple
  7909 | Temple   | Became a worshipper of Sif Muna the Loreminder
  8594 | D:6      | Found a stormy altar of Qazlal.
  9001 | D:6      | Reached skill level 7 in Spellcasting
  9452 | D:6      | Found Nehe's Off-Brand Ammunition.
  9739 | D:6      | Lost mutation: You are somewhat resistant to further mutation. [potion of cure mutation]
  9753 | D:6      | Learned a level 6 spell: Monstrous Menagerie
  9893 | D:7      | Cast into the Abyss (miscasting Monstrous Menagerie)
  9894 | Abyss:1  | Found a corrupted altar of Lugonu.
 10027 | D:7      | Escaped the Abyss
 10063 | D:7      | Reached skill level 8 in Spellcasting
 10063 | D:7      | Reached XP level 8. HP: 41/41 MP: 5/22
 10628 | D:7      | Reached * piety under Sif Muna
 13319 | D:8      | Noticed Blunderbuss's ghost (novice SpEn)
 13412 | D:8      | Killed chimenez's ghost
 13412 | D:8      | Reached ** piety under Sif Muna
 13412 | D:8      | Reached skill level 9 in Summonings
 13423 | D:8      | Killed Blunderbuss's ghost
 13426 | D:8      | Reached XP level 9. HP: 45/45 MP: 12/23
 13429 | D:8      | Reached skill level 10 in Summonings
 13958 | D:8      | Reached *** piety under Sif Muna
 14219 | D:8      | Found a sacrificial altar of Ru.
 14260 | D:8      | Reached skill level 10 in Spellcasting
 14380 | D:8      | Learned a level 4 spell: Fulminant Prism
 15432 | D:7      | Noticed a hornet
 15439 | D:7      | Paralysed by a hornet for 4 turns
 15441 | D:7      | Killed a hornet
 15441 | D:7      | Reached skill level 11 in Spellcasting
 15441 | D:7      | Reached skill level 5 in Conjurations
 15690 | D:9      | Reached **** piety under Sif Muna
 16066 | D:9      | Reached XP level 10. HP: 50/50 MP: 12/27
 16089 | D:9      | Noticed an unseen horror
 16347 | D:9      | Found a blossoming altar of Fedhas.
 16507 | D:9      | Reached skill level 12 in Spellcasting
 16810 | D:9      | Found a glowing silver altar of Zin.
 16813 | D:9      | Found an iron altar of Okawaru.
 17147 | D:9      | Reached ***** piety under Sif Muna
 17534 | D:10     | Entered Level 10 of the Dungeon
 17992 | D:10     | Noticed Maurice
 18372 | D:10     | Killed Maurice
 19071 | D:10     | Gained mutation: You are somewhat resistant to further mutation. [potion of mutation]
 19071 | D:10     | Gained mutation: Your body sometimes deteriorates upon taking damage. [potion of mutation]
 19071 | D:10     | Gained mutation: Your spells are a little harder to cast, but a little more powerful. [potion of mutation]
 19406 | D:4      | Bought a meat ration for 65 gold pieces
 19406 | D:4      | Bought a meat ration for 65 gold pieces
 19406 | D:4      | Bought a beef jerky for 19 gold pieces
 19406 | D:4      | Bought a meat ration for 65 gold pieces
 19406 | D:4      | Bought a slice of pizza for 19 gold pieces
 19406 | D:4      | Bought a beef jerky for 19 gold pieces
 19417 | D:4      | Bought a bread ration for 65 gold pieces
 19417 | D:4      | Bought a slice of pizza for 19 gold pieces
 19823 | D:11     | Reached skill level 5 in Stealth
 19847 | D:11     | Found a staircase to the Lair.
 19847 | D:11     | Noticed a death yak
 19941 | D:11     | Killed a death yak
 20148 | D:11     | Noticed Sonja
 20149 | D:11     | Noticed a hill giant
 20151 | D:11     | Killed Sonja
 20154 | D:11     | Noticed Urug
 20155 | D:11     | Killed a hill giant
 20161 | D:11     | Killed Urug
 20186 | D:11     | Noticed a cyan ugly thing
 20191 | D:11     | Killed a cyan ugly thing
 20191 | D:11     | Reached XP level 11. HP: 44/54 MP: 11/29
 20332 | D:11     | Reached skill level 5 in Dodging
 20653 | D:11     | Noticed a hill giant
 20657 | D:11     | Killed a hill giant
 21349 | Lair:1   | Entered Level 1 of the Lair of Beasts
 21813 | Lair:1   | Reached skill level 1 in Hexes
 22082 | Lair:1   | Got a shimmering rapier
 22083 | Lair:1   | Identified the cursed +2 rapier of Vuorem {freeze, rElec Str+3} (You found it on level 1 of the Lair of Beasts)
 22649 | Lair:2   | Reached skill level 5 in Hexes
 22942 | Lair:2   | Got a wizard robe
 22943 | Lair:2   | Identified the cursed +0 robe "Gouk" {Str-5 Dex+5 SInv} (You found it on level 2 of the Lair of Beasts)
 23139 | Lair:2   | Reached ****** piety under Sif Muna
 23139 | Lair:2   | Received a gift from Sif Muna
 23143 | Lair:2   | Identified Sif Muna's Catalogue of Excruciating Glamour (Sif Muna gifted it to you on level 2 of the Lair of Beasts)
 23446 | Lair:2   | Learned a level 1 spell: Sting
 23847 | Lair:3   | Found a staircase to the Shoals.
 24088 | Lair:3   | Noticed a four-headed hydra
 24095 | Lair:3   | Killed a four-headed hydra
 25472 | Lair:4   | Noticed an eight-headed hydra
 25478 | Lair:4   | Killed an eight-headed hydra
 25590 | Lair:4   | Noticed a six-headed hydra
 25597 | Lair:4   | Killed a six-headed hydra
 25726 | Lair:4   | Reached XP level 12. HP: 59/59 MP: 8/30
 26119 | Lair:4   | Noticed a death yak
 26123 | Lair:4   | Killed a death yak
 26126 | Lair:4   | Reached skill level 13 in Spellcasting
 26128 | Lair:4   | Received a gift from Sif Muna
 26130 | Lair:4   | Noticed a death yak
 26131 | Lair:4   | Noticed a death yak
 26131 | Lair:4   | Identified Sif Muna's Handbook of Companions (Sif Muna gifted it to you on level 4 of the Lair of Beasts)
 26136 | Lair:4   | Killed a death yak
 26139 | Lair:4   | Killed a death yak
 26145 | Lair:4   | Noticed Snorg
 26150 | Lair:4   | Killed Snorg
 26485 | Lair:4   | Found a hole to the Spider Nest.
 26989 | Lair:5   | Reached skill level 14 in Spellcasting
 27001 | Lair:5   | Learned a level 2 spell: Swiftness
 27269 | Lair:5   | Noticed Rupert
 27280 | Lair:5   | Killed Rupert
 27657 | Lair:5   | Got a shimmering pewter ring
 27658 | Lair:5   | Identified the ring of Gyigudou {+/*Tele rC- Dex+4 Slay+2} (You found it on level 5 of the Lair of Beasts)
 28084 | Lair:6   | Got a dull robe
 28085 | Lair:6   | Identified the cursed +0 robe of Shadows and Fog {+Blink Str-5 Dex+7} (You found it on level 6 of the Lair of Beasts)
 28251 | Lair:6   | Noticed an anaconda
 28252 | Lair:6   | Killed an anaconda
 28310 | Lair:6   | Received a gift from Sif Muna
 28319 | Lair:6   | Learned a level 6 spell: Bolt of Fire
 28737 | Lair:6   | Noticed a five-headed hydra
 28739 | Lair:6   | Killed a five-headed hydra
 28739 | Lair:6   | Reached skill level 1 in Fire Magic
 29379 | Lair:6   | HP: 1/59 [spiny frog (5)]
 29380 | Lair:6   | Succumbed to a spiny frog's poison

Action                   |  1- 3 |  4- 6 |  7- 9 | 10-12 || total
-------------------------+-------+-------+-------+-------++-------
Melee: Dagger            |     8 |    17 |     3 |     3 ||    31
       Flail             |       |       |     6 |     2 ||     8
       Rapier            |       |       |       |    37 ||    37
       Rod               |       |       |       |     1 ||     1
Throw: Javelin           |    43 |    26 |     4 |       ||    73
 Cast: Magic Dart        |    56 |    63 |   192 |   171 ||   482
       Call Imp          |    18 |    51 |    67 |     2 ||   138
       Mephitic Cloud    |       |    15 |    32 |    30 ||    77
       Conjure Flame     |       |     7 |    41 |    25 ||    73
       Blink             |       |     6 |    25 |    41 ||    72
       Monstrous Menager |       |       |    23 |   115 ||   138
       Fulminant Prism   |       |       |     6 |    55 ||    61
       Sting             |       |       |       |     3 ||     3
       Bolt of Fire      |       |       |       |     8 ||     8
 Abil: Evoke Invisibilit |       |     3 |     1 |       ||     4
Evoke: Rod               |       |       |       |     2 ||     2
  Use: Potion            |       |     9 |     6 |    11 ||    26
       Scroll            |       |    10 |     6 |    23 ||    39
 Stab: Confused          |       |     1 |       |       ||     1
       Paralysed         |       |       |       |     3 ||     3
  Eat: Bread ration      |     1 |     2 |     7 |     1 ||    11
       Beef jerky        |       |     1 |       |     2 ||     3
       Meat ration       |       |     1 |     1 |     5 ||     7
       Pizza             |       |       |     1 |     2 ||     3
       Chunk             |       |       |       |    22 ||    22
       Fruit             |       |       |       |     5 ||     5
       Royal jelly       |       |       |       |     2 ||     2
